[Event "Titled Tuesday Blitz July 25 Early 2023"]
[White "Oro, Faustino"]
[Black "Cherniaiev, Tykhon"]
[WhiteFideId "20000197"]
[BlackFideId "14182360"]
[WhiteElo "2852"]
[BlackElo "2706"]
[Result "0-1"]
[Round "5"]
[TimeControl "180+2"]
[Date "2023.07.25"]
[WhiteClock "0:00:18"]
[BlackClock "0:00:10"]
[Board "35"]

1. Nf3 Nf6 2. b3 g6 3. Bb2 Bg7 4. e3 O-O 5. Be2 d5 6. O-O c5 7. d4 Qc7 8. dxc5 Qxc5 9. Nbd2 Nc6 10. c4 dxc4 11. Bxc4 Bg4 12. h3 Bxf3 13. Nxf3 Rfd8 14. Qe2 a6 15. Rac1 Qa5 16. a3 e6 17. Rfd1 Rxd1+ 18. Rxd1 Rd8 19. Rc1 h6 20. Bxa6 Qxa6 21. Qxa6 bxa6 22. Rxc6 Rd1+ 23. Kh2 Rd3 24. b4 Rb3 25. Bxf6 Bxf6 26. Rxa6 Bb2 27. a4 Rxb4 28. a5 Bf6 29. Ra8+ Kg7 30. a6 Ra4 31. Nd2 Be5+ 32. f4 Bd6 33. Nb3 Ra3 34. a7 Bc7 35. Nd4 Bb6 36. Nc6 Bxe3 37. g3 Ra2+ 38. Kh1 h5 39. h4 Bc5 40. Ne5 Rxa7 41. Rc8 Bd6 42. Nc6 Ra1+ 43. Kg2 Rc1 44. Ne7 Rxc8 45. Nxc8 Bc5 46. Kf3 f5 47. Ke2 Kf8 48. Kd3 Bf2 49. Nd6 Bxg3 50. Ke3 Bxh4 51. Kf3 Be7 52. Nc4 Kf7 53. Ne5+ Kg7 54. Nc6 Bd6 55. Na5 Kf6 56. Nc4 Bc7 57. Nd2 e5 58. fxe5+ Bxe5 59. Nc4 g5 60. Ne3 g4+ 61. Kg2 Kg5 62. Nc4 Bf4 63. Nb2 h4 64. Nd3 h3+ 65. Kh1 g3 66. Ne1 Kg4 67. Kg1 Be3+ 68. Kf1 g2+ 69. Nxg2 hxg2+ 70. Kxg2 f4 71. Kf1 Kf3 72. Ke1 Kg2 73. Ke2 Bg1 74. Kd3 f3 75. Ke4 f2 76. Kf5 f1=Q+ 77. Ke6 Qf3 78. Kd7 Qd5+ 79. Kc7 Qe6 80. Kb7 Qd6 81. Ka8 Qe7 82. Kb8 Bb6 0-1


[Site "https://www.chess.com"]

[Event "Titled Tuesday Blitz July 25 Early 2023"]
[White "Sychev, Klementy"]
[Black "Vaishali, Rameshbabu"]
[WhiteFideId "4114060"]
[BlackFideId "5091756"]
[WhiteElo "2838"]
[BlackElo "2706"]
[Result "1-0"]
[Round "5"]
[TimeControl "180+2"]
[Date "2023.07.25"]
[WhiteClock "0:00:03"]
[BlackClock "0:00:03"]
[Board "36"]

1. e4 e5 2. Nf3 Nc6 3. d4 exd4 4. c3 d5 5. exd5 Qxd5 6. cxd4 Bg4 7. Be2 Nf6 8. Nc3 Qh5 9. O-O Bd6 10. Nb5 Bxh2+ 11. Nxh2 Bxe2 12. Re1 Qxb5 13. Rxe2+ Ne7 14. a4 Qd7 15. Bg5 O-O-O 16. Rc1 Kb8 17. Nf3 Ned5 18. Ne5 Qf5 19. Nxf7 Rdf8 20. Bxf6 Rxf7 21. Be5 Ka8 22. Qb3 c6 23. a5 a6 24. Qa4 Qg6 25. Rce1 h5 26. Bh2 Rff8 27. Re6 Qg5 28. Rxc6 bxc6 29. Qxc6+ Ka7 30. Re6 Nb4 31. Qb6+ Ka8 32. Qxb4 Qc1+ 33. Re1 Qc6 34. Be5 Re8 35. Re3 h4 36. Rc3 Qd5 37. Rc5 Qe4 38. Qb6 Rh6 39. Qb3 Rg6 40. f3 Qe1+ 41. Kh2 h3 42. Qd5+ Ka7 43. Rc7+ Kb8 44. Qb7# 1-0


[Site "https://www.chess.com"]

[Event "Titled Tuesday Blitz July 25 Early 2023"]
[White "Donchenko, Alexander"]
[Black "Leon Oquendo, Jorge"]
[WhiteFideId "24603295"]
[BlackFideId "3514803"]
[WhiteElo "2836"]
[BlackElo "2705"]
[Result "0-1"]
[Round "5"]
[TimeControl "180+2"]
[Date "2023.07.25"]
[WhiteClock "0:00:00"]
[BlackClock "0:00:05"]
[Board "37"]

1. c4 e5 2. g3 Nf6 3. Bg2 Bc5 4. Nc3 O-O 5. e3 d6 6. Nge2 a6 7. O-O Nc6 8. b3 Bf5 9. h3 Qd7 10. Kh2 Bd3 11. Bb2 Rfe8 12. Re1 Rad8 13. Nc1 Bg6 14. d3 Ne7 15. N1e2 d5 16. d4 exd4 17. exd4 Bb4 18. c5 c6 19. a3 Ba5 20. b4 Bc7 21. Bc1 Bh5 22. Bg5 Qf5 23. Qd2 Bxe2 24. Rxe2 Ng6 25. Rae1 Rxe2 26. Rxe2 h6 27. Bxf6 Qxf6 28. Qd3 h5 29. Re3 h4 30. Ne2 Nf8 31. Kg1 hxg3 32. fxg3 Ne6 33. h4 g6 34. Bh3 Ng7 35. Kg2 Nh5 36. Bg4 Ng7 37. Rf3 Qe7 38. Qe3 Re8 39. Qxe7 Rxe7 40. Kf2 Bd8 41. Re3 Rc7 42. Nc1 Bf6 43. Nb3 Kf8 44. Rf3 Bd8 45. Ke2 Re7+ 46. Re3 Rc7 47. Nc1 Bf6 48. Nb3 Ne8 49. Kd3 Bd8 50. Nd2 Nf6 51. Bf3 Ng8 52. Re2 Bf6 53. Nf1 Re7 54. Bg4 Rc7 55. Ne3 Nh6 56. Bh3 Bg7 57. Rf2 Ke8 58. g4 Ng8 59. g5 Ne7 60. Re2 Kf8 61. Ng4 Nc8 62. Nf6 Ne7 63. Nd7+ Ke8 64. Nf6+ Kf8 65. h5 gxh5 66. Nxh5 Bh8 67. Nf6 Bxf6 68. gxf6 Ng6 69. Rf2 Ke8 70. Bf5 Nf8 71. Rh2 b6 72. cxb6 Rb7 73. Rh8 Rxb6 74. Kc3 a5 75. Kb3 axb4 76. axb4 Ra6 77. b5 cxb5 78. Kb4 Rxf6 79. Bd3 Ke7 80. Bxb5 Ne6 81. Re8+ Kd6 0-1


[Site "https://www.chess.com"]

[Event "Titled Tuesday Blitz July 25 Early 2023"]
[White "Vitiugov, Nikita"]
[Black "Marek, Matyas"]
[WhiteFideId "4152956"]
[BlackFideId "335398"]
[WhiteElo "2832"]
[BlackElo "2703"]
[Result "1-0"]
[Round "5"]
[TimeControl "180+2"]
[Date "2023.07.25"]
[WhiteClock "0:00:10"]
[BlackClock "0:00:15"]
[Board "38"]

1. e4 c5 2. Nf3 d6 3. d4 cxd4 4. Nxd4 Nf6 5. Nc3 Nc6 6. Bg5 e6 7. Qd2 a6 8. O-O-O Bd7 9. f3 b5 10. Nxc6 Bxc6 11. Bd3 Rc8 12. Kb1 Be7 13. h4 h6 14. Be3 h5 15. Ne2 Nd7 16. Bg5 Ne5 17. Nd4 Bb7 18. Be2 d5 19. Qe3 Bxg5 20. hxg5 Qc7 21. exd5 Bxd5 22. f4 Nc4 23. Bxc4 Qxc4 24. b3 Qc5 25. Qe5 Kf8 26. Rhe1 Qc7 27. Qe3 g6 28. g3 Kg7 29. Re2 h4 30. gxh4 Rxh4 31. Rf2 Rch8 32. f5 Rh1 33. Rxh1 Rxh1+ 34. Kb2 Rh4 35. fxg6 Kxg6 36. Rf6+ Kg7 37. Qf2 Rh2 38. Rxf7+ Qxf7 39. Qxh2 Qg6 40. Qe5+ Kg8 41. Qb8+ Kh7 42. Qh2+ Kg8 43. Qb8+ Kh7 44. Qe5 Qg7 45. Qxg7+ Kxg7 46. Kc3 Kg6 47. Kd3 Kxg5 48. c4 bxc4+ 49. bxc4 Bh1 50. Nxe6+ Kf6 51. Nc5 a5 52. Nb3 a4 53. Nc5 Bc6 54. Kc3 Ke5 55. a3 Kd6 56. Kb4 Ke5 57. Nxa4 Kd4 58. Nb6 Ke5 59. Kc5 Bh1 60. a4 Ke6 61. a5 Ke7 62. a6 Kd8 63. a7 Kc7 64. a8=Q 1-0


[Site "https://www.chess.com"]

[Event "Titled Tuesday Blitz July 25 Early 2023"]
[White "Kezin, Roman"]
[Black "Djokic, Mihailo"]
[WhiteFideId "24124621"]
[BlackFideId "976440"]
[WhiteElo "2829"]
[BlackElo "2701"]
[Result "1-0"]
[Round "5"]
[TimeControl "180+2"]
[Date "2023.07.25"]
[WhiteClock "0:00:07"]
[BlackClock "0:00:01"]
[Board "39"]

1. b4 e5 2. Bb2 e4 3. g3 Nf6 4. a3 a5 5. b5 c6 6. a4 d5 7. Bg2 Be7 8. Nh3 Nbd7 9. O-O O-O 10. d3 exd3 11. cxd3 Nc5 12. Na3 Ne6 13. Rc1 Bd7 14. e4 dxe4 15. dxe4 Rc8 16. Qe2 Qe8 17. Rfd1 h6 18. f4 cxb5 19. Nxb5 Bxb5 20. axb5 Rxc1 21. Rxc1 b6 22. e5 Bc5+ 23. Kh1 Nd7 24. Rd1 Qe7 25. f5 Nc7 26. Nf4 Re8 27. e6 fxe6 28. fxe6 Nf8 29. Qg4 Ncxe6 30. Bd5 Qg5 31. Qe2 Qf5 32. Re1 Kf7 33. Qc4 g5 34. Nxe6 Nxe6 35. Rf1 Bf2 36. Kg2 Rd8 37. Rxf2 Qxf2+ 38. Kxf2 1-0


[Site "https://www.chess.com"]

[Event "Titled Tuesday Blitz July 25 Early 2023"]
[White "Bachmann, Axel"]
[Black "Gorovets, Andrey"]
[WhiteFideId "3700488"]
[BlackFideId "13504037"]
[WhiteElo "2820"]
[BlackElo "2685"]
[Result "1-0"]
[Round "5"]
[TimeControl "180+2"]
[Date "2023.07.25"]
[WhiteClock "0:01:34"]
[BlackClock "0:00:00"]
[Board "40"]

1. e4 c5 2. Nf3 Nc6 3. d4 cxd4 4. Nxd4 Nf6 5. Nc3 e5 6. Ndb5 d6 7. Bg5 a6 8. Na3 Be6 9. Nc4 Rb8 10. Bd3 Be7 11. O-O O-O 12. a4 Nb4 13. Ne3 Rc8 14. Qe2 h6 15. Bxf6 Bxf6 16. g3 g6 17. Rfd1 Qc7 18. a5 Bg7 19. Na4 f5 20. Nb6 f4 21. Bc4 Bxc4 22. Nexc4 fxg3 23. hxg3 Rcd8 24. c3 Nc6 25. Qg4 Kh7 26. Qe6 Rf6 27. Qh3 Qf7 28. Rd2 h5 29. Rad1 Bh6 30. Rxd6 Rdxd6 31. Rxd6 Rxf2 32. Rd7 Ne7 33. Rxe7 1-0


[Site "https://www.chess.com"]

[Event "Titled Tuesday Blitz July 25 Early 2023"]
[White "Weetik, Vjacheslav"]
[Black "Plotkin, Mark"]
[WhiteFideId "4153472"]
[BlackFideId "2611651"]
[WhiteElo "2684"]
[BlackElo "2814"]
[Result "1/2-1/2"]
[Round "5"]
[TimeControl "180+2"]
[Date "2023.07.25"]
[WhiteClock "0:00:12"]
[BlackClock "0:00:55"]
[Board "41"]

1. d4 f5 2. g3 Nf6 3. Bg2 e6 4. c4 c6 5. Nc3 d5 6. Nh3 Be7 7. O-O O-O 8. Qc2 a6 9. b3 b5 10. c5 Ne4 11. Bb2 Nd7 12. b4 a5 13. a3 a4 14. f3 Nxc3 15. Bxc3 g5 16. e4 h6 17. exd5 exd5 18. Rae1 Rf7 19. Nf2 Nf8 20. Nd3 Ng6 21. f4 g4 22. Re2 Bf6 23. Rfe1 Bd7 24. h3 h5 25. hxg4 hxg4 26. Kf2 Rh7 27. Qb1 Kg7 28. Rh1 Rxh1 29. Qxh1 Qc7 30. Ne5 Rh8 31. Qb1 Qd8 32. Re1 Bxe5 33. dxe5 Be6 34. Bd4 Nf8 35. Rh1 Nh7 36. Rh4 Qe8 37. Qh1 Qg6 38. Ke3 Kg8 39. Kd2 Qg7 40. Rh6 Nf8 41. Rxh8+ Qxh8 42. Qxh8+ Kxh8 43. Bf1 Kg7 44. Ke3 Kg6 45. Bd3 Bd7 46. Be2 Ne6 47. Bd3 Ng7 48. Be2 Nh5 49. Kf2 Be6 50. Bd3 Kf7 51. Be2 Ke8 52. Bd3 Kd7 53. Be2 Ke7 54. Bd3 Bd7 55. Be2 Ke6 56. Bd3 Ng7 57. Be2 Ne8 58. Bd3 Nc7 59. Ke3 Kf7 60. Be2 Kg6 61. Bd3 Ne6 62. Be2 Be8 63. Bf1 Bf7 64. Bg2 Ng7 65. Bf1 Be8 66. Bd3 Ne6 67. Bf1 Nf8 68. Bd3 Nd7 69. Bf1 Nb8 70. Bd3 Na6 71. Bf1 Nc7 72. Bd3 Ne6 73. Bf1 1/2-1/2


[Site "https://www.chess.com"]

[Event "Titled Tuesday Blitz July 25 Early 2023"]
[White "Skliarov, Viktor"]
[Black "Ashraf, Artin"]
[WhiteFideId "14106736"]
[BlackFideId "22514805"]
[WhiteElo "2683"]
[BlackElo "2800"]
[Result "0-1"]
[Round "5"]
[TimeControl "180+2"]
[Date "2023.07.25"]
[WhiteClock "0:00:06"]
[BlackClock "0:00:08"]
[Board "42"]

1. e4 a6 2. d4 c6 3. Bd3 d5 4. e5 c5 5. dxc5 Qa5+ 6. c3 Qxc5 7. Be3 Qc7 8. f4 Nc6 9. Nd2 Nh6 10. Ngf3 Bf5 11. Qe2 Bxd3 12. Qxd3 e6 13. h3 Nf5 14. Bf2 h5 15. g3 Be7 16. O-O Rd8 17. Rad1 Qa5 18. a3 Bc5 19. Kg2 Bxf2 20. Rxf2 Qb6 21. Nf1 Na5 22. g4 hxg4 23. hxg4 Nh4+ 24. Nxh4 Rxh4 25. Kg3 Rxg4+ 26. Kxg4 Qxf2 27. Rd2 Qg1+ 28. Ng3 Nc6 29. Qh7 Kd7 30. c4 d4 31. b4 Kc8 32. b5 axb5 33. cxb5 Ne7 34. Qc2+ Kb8 35. Rg2 Qe1 36. Qa4 Nd5 37. Re2 Qc1 38. b6 Nxb6 39. Qa5 Qc7 40. Ne4 f5+ 41. exf6 gxf6 42. Nxf6 d3 43. Rb2 Nc4 44. Qxc7+ Kxc7 45. Rb4 d2 46. Rxc4+ Kb8 0-1


[Site "https://www.chess.com"]

[Event "Titled Tuesday Blitz July 25 Early 2023"]
[White "Hambleton, Aman"]
[Black "Koshulyan, Egor A."]
[WhiteFideId "2606577"]
[BlackFideId "24237000"]
[WhiteElo "2799"]
[BlackElo "2679"]
[Result "0-1"]
[Round "5"]
[TimeControl "180+2"]
[Date "2023.07.25"]
[WhiteClock "0:00:00"]
[BlackClock "0:00:27"]
[Board "43"]

1. d4 Nf6 2. Bf4 d5 3. e3 c5 4. c3 Nc6 5. Nd2 Bf5 6. Qb3 Qc8 7. Ngf3 e6 8. Be2 Be7 9. O-O O-O 10. h3 h6 11. a4 a6 12. Ne5 Nxe5 13. Bxe5 Nd7 14. Bg3 c4 15. Qa2 b5 16. b4 Nb6 17. a5 Nd7 18. Bf3 Bh7 19. e4 Qc6 20. Rae1 Rfe8 21. Re2 Rad8 22. Rfe1 Kf8 23. Qb2 Nf6 24. Bh4 Nxe4 25. Bxe7+ Rxe7 26. Nxe4 dxe4 27. Bxe4 Bxe4 28. Rxe4 Red7 29. Qc2 Rd5 30. R4e3 Kg8 31. Qe2 Qd6 32. Qg4 Rg5 33. Qf3 Qc7 34. Re4 Rdd5 35. g3 Rdf5 36. Qg2 Rf6 37. h4 Rd5 38. Qf1 Rg6 39. Qg2 Rh5 40. R1e3 Qd6 41. Kf1 Rd5 42. Qf3 Rf6 43. Qe2 Rdf5 44. f4 g5 45. hxg5 hxg5 46. Qg2 Kf8 47. Rf3 gxf4 48. g4 Rg5 49. Qh3 Qd5 50. Re2 Ke7 51. Rh2 Rh6 52. Qxh6 Qxf3+ 53. Rf2 Qd1+ 54. Kg2 Rxg4+ 55. Kh3 Qh1+ 56. Kxg4 Qxh6 57. Rxf4 Qg6+ 58. Kh3 Qd3+ 59. Rf3 Qxf3+ 0-1


[Site "https://www.chess.com"]

[Event "Titled Tuesday Blitz July 25 Early 2023"]
[White "Rendle, Thomas E"]
[Black "Nenezic, Marko"]
[WhiteFideId "408760"]
[BlackFideId "912123"]
[WhiteElo "2677"]
[BlackElo "2796"]
[Result "1-0"]
[Round "5"]
[TimeControl "180+2"]
[Date "2023.07.25"]
[WhiteClock "0:00:35"]
[BlackClock "0:01:11"]
[Board "44"]

1. Nf3 Nf6 2. b3 g6 3. Bb2 Bg7 4. g3 O-O 5. Bg2 d5 6. c4 c6 7. O-O a5 8. cxd5 cxd5 9. Nc3 Nc6 10. e3 Ne4 11. Rc1 Bf5 12. d3 Nxc3 13. Bxc3 Nb4 14. Bxg7 Kxg7 15. a3 Nxd3 16. Rc3 e5 17. Rxd3 Bxd3 18. Qxd3 e4 19. Qd4+ Qf6 20. Qxf6+ Kxf6 21. Nd4 Ke5 22. f4+ Kf6 23. g4 Rac8 24. g5+ Ke7 25. f5 Rc3 26. Kf2 Rfc8 27. Bh3 R8c5 28. b4 axb4 29. axb4 R5c4 30. f6+ Kd8 31. Ra1 Rxd4 32. Ra8+ Kc7 33. Rc8+ Kd6 34. Rxc3 Rd2+ 35. Kg3 d4 36. exd4 Rxd4 37. Kf4 Rxb4 38. Bg2 Rb2 39. Bxe4 b5 40. Rd3+ Kc7 41. Bd5 1-0


[Site "https://www.chess.com"]

[Event "Titled Tuesday Blitz July 25 Early 2023"]
[White "Nagy, Gabor"]
[Black "Antal, Gergely"]
[WhiteFideId "737119"]
[BlackFideId "717312"]
[WhiteElo "2793"]
[BlackElo "2676"]
[Result "0-1"]
[Round "5"]
[TimeControl "180+2"]
[Date "2023.07.25"]
[WhiteClock "0:00:00"]
[BlackClock "0:00:12"]
[Board "45"]

1. d4 f5 2. Nc3 Nf6 3. Bf4 g6 4. e3 Bg7 5. h4 h6 6. Bc4 e6 7. Nf3 d6 8. Qe2 Qe7 9. O-O-O a6 10. e4 b5 11. Bd3 b4 12. Na4 Bd7 13. exf5 gxf5 14. b3 Bxa4 15. bxa4 Nd5 16. Bd2 Nc3 17. Bxc3 bxc3 18. Rde1 e5 19. dxe5 d5 20. Qe3 Nc6 21. Nd4 Nxd4 22. Qxd4 O-O 23. Qxc3 c5 24. f4 c4 25. Be2 Qc5 26. Rd1 Rfd8 27. Rd4 Kh8 28. Rhd1 Rab8 29. Kd2 Qe7 30. g3 Rb4 31. Ke1 Rxa4 32. Rxd5 Rxd5 33. Rxd5 Rxa2 34. Qxc4 Ra1+ 35. Kf2 Qa7+ 36. Qd4 Qxd4+ 37. Rxd4 Bf8 38. Rd8 Kg7 39. Rd7+ Kh8 40. Bd3 Bc5+ 41. Kf3 Ra3 42. e6 Kg8 43. g4 fxg4+ 44. Kxg4 Kf8 45. f5 Be7 46. f6 Bxf6 47. Rg7 Bxg7 48. e7+ Kxe7 0-1


[Site "https://www.chess.com"]

[Event "Titled Tuesday Blitz July 25 Early 2023"]
[White "Fiorito, Joaquin"]
[Black "Shuvalova, Polina"]
[WhiteFideId "180173"]
[BlackFideId "24171760"]
[WhiteElo "2788"]
[BlackElo "2668"]
[Result "1-0"]
[Round "5"]
[TimeControl "180+2"]
[Date "2023.07.25"]
[WhiteClock "0:00:06"]
[BlackClock "0:00:00"]
[Board "46"]

1. d4 Nf6 2. c4 e6 3. Nc3 d5 4. cxd5 Nxd5 5. e4 Nxc3 6. bxc3 c5 7. Nf3 cxd4 8. cxd4 Bb4+ 9. Bd2 Bxd2+ 10. Qxd2 O-O 11. Bc4 Nd7 12. O-O b6 13. d5 Nf6 14. Rfe1 exd5 15. exd5 Bb7 16. Rad1 Qd6 17. Bb3 Rfe8 18. Nd4 g6 19. Nc2 Rad8 20. Rxe8+ Rxe8 21. Ne3 Kg7 22. h3 h5 23. Qb2 Qe5 24. Qxe5 Rxe5 25. d6 Bc6 26. Rc1 Rc5 27. Rd1 a5 28. Nd5 a4 29. Nxf6 Kxf6 30. d7 Bxd7 31. Bxf7 Bf5 32. Bg8 Ke5 33. Rd8 b5 34. f3 Rc1+ 35. Kh2 Rc2 36. Kg3 h4+ 37. Kxh4 Rxg2 38. Rb8 Bd3 39. Re8+ Kf4 40. Rf8+ Bf5 41. Be6 Rxa2 42. Bxa2 b4 43. Be6 b3 44. Bxb3 axb3 45. Rb8 Bc2 46. Rb6 g5+ 47. Kh5 Bd1 48. Kh6 Kxf3 49. Kxg5 Ke3 50. h4 Kd4 51. Rd6+ Kc3 52. Rxd1 Kc2 53. Rg1 b2 54. h5 b1=Q 55. Rxb1 1-0


[Site "https://www.chess.com"]

[Event "Titled Tuesday Blitz July 25 Early 2023"]
[White "Kantor, Gergely"]
[Black "Haug, Havard"]
[WhiteFideId "751499"]
[BlackFideId "1547887"]
[WhiteElo "2786"]
[BlackElo "2664"]
[Result "1-0"]
[Round "5"]
[TimeControl "180+2"]
[Date "2023.07.25"]
[WhiteClock "0:02:16"]
[BlackClock "0:02:00"]
[Board "47"]

1. e4 c6 2. d4 d5 3. exd5 cxd5 4. Nf3 Nc6 5. Bd3 Bg4 6. c3 e6 7. Qb3 Qc7 8. Ne5 Nxe5 9. dxe5 a6 10. Qa4+ b5 11. Qxg4 Qxe5+ 12. Qe2 Qc7 13. a4 b4 14. Bxa6 Nf6 15. Bb5+ Kd8 16. O-O Bd6 17. h3 h5 18. Bg5 Ke7 19. cxb4 Bf4 20. Bxf4 Qxf4 21. Qe3 Qh4 22. Qc5+ Kd8 23. Qd6+ Kc8 24. Rc1+ Kb7 25. Rc7+ Kb8 26. Qb6# 1-0


[Site "https://www.chess.com"]

[Event "Titled Tuesday Blitz July 25 Early 2023"]
[White "qx4z"]
[Black "Manelyuk, Daniil"]
[BlackFideId "44173920"]
[WhiteElo "2786"]
[BlackElo "2653"]
[Result "0-1"]
[Round "5"]
[TimeControl "180+2"]
[Date "2023.07.25"]
[WhiteClock "0:00:30"]
[BlackClock "0:00:51"]
[Board "48"]

1. d4 Nf6 2. Bf4 c5 3. d5 b5 4. e4 Bb7 5. Nd2 Qb6 6. a4 bxa4 7. c4 d6 8. Qxa4+ Nfd7 9. Ngf3 g6 10. Be2 Bg7 11. Ra3 O-O 12. O-O Qc7 13. Rfa1 Bxb2 14. Qc2 Bxa3 15. Rxa3 Na6 16. Bh6 Rfb8 17. Ng5 Bc8 18. Rg3 Nf6 19. h4 Qb6 20. h5 Qb2 21. Qd3 Nb4 22. Qe3 Nc2 23. Qf4 Nd4 24. Bf1 Qc1 25. Kh2 Rb2 26. hxg6 fxg6 27. Nxh7 Kxh7 28. Bf8 Qxd2 29. Re3 Ng4+ 30. Kh3 Nxe3+ 31. Kh4 0-1


[Site "https://www.chess.com"]

[Event "Titled Tuesday Blitz July 25 Early 2023"]
[White "Tsaruk, Maksim"]
[Black "Martic, Ivan"]
[WhiteFideId "13511173"]
[BlackFideId "929301"]
[WhiteElo "2786"]
[BlackElo "2632"]
[Result "1-0"]
[Round "5"]
[TimeControl "180+2"]
[Date "2023.07.25"]
[WhiteClock "0:00:12"]
[BlackClock "0:00:08"]
[Board "49"]

1. e4 c5 2. Nf3 e6 3. d4 cxd4 4. Nxd4 a6 5. c4 Nf6 6. Nc3 d6 7. Be2 Be7 8. O-O O-O 9. Be3 Qc7 10. Rc1 b6 11. Qd2 Bb7 12. f3 Nbd7 13. Rfd1 Rac8 14. b4 Qb8 15. Qe1 Rfe8 16. Nb3 d5 17. exd5 Bxb4 18. Qf2 Bd6 19. g3 exd5 20. Nxd5 Nxd5 21. cxd5 Rxc1 22. Rxc1 Bxd5 23. Bxa6 b5 24. Ba7 Qa8 25. Bxb5 Rd8 26. f4 Nf6 27. Qb6 Bh1 28. Bc6 Bxc6 29. Rxc6 Nd5 30. Qa5 Ne3 31. Bxe3 Qxc6 32. Qxd8+ Bf8 33. Bc5 1-0


[Site "https://www.chess.com"]

[Event "Titled Tuesday Blitz July 25 Early 2023"]
[White "Pakleza, Zbigniew"]
[Black "Lenaerts, Lennert"]
[WhiteFideId "1119290"]
[BlackFideId "211435"]
[WhiteElo "2784"]
[BlackElo "2621"]
[Result "1/2-1/2"]
[Round "5"]
[TimeControl "180+2"]
[Date "2023.07.25"]
[WhiteClock "0:00:04"]
[BlackClock "0:00:10"]
[Board "50"]

1. d4 d5 2. Bf4 Nf6 3. e3 c5 4. c3 e6 5. Nd2 Bd6 6. Bg3 O-O 7. Ngf3 b6 8. Ne5 Bb7 9. f4 Ne4 10. Nxe4 dxe4 11. Be2 f6 12. Nc4 Be7 13. O-O cxd4 14. cxd4 Bd5 15. f5 Nc6 16. fxe6 Bxe6 17. Rc1 Rc8 18. Qa4 Qd7 19. Nd2 Bd5 20. Ba6 Rcd8 21. Bb5 Rc8 22. Ba6 Rcd8 23. a3 Qe6 24. Bb5 Rc8 25. Rc3 a5 26. Rfc1 Nb8 27. Qc2 Rxc3 28. Qxc3 f5 29. Be5 Bg5 30. Nf1 Nd7 31. Bf4 Bxf4 32. exf4 Nf6 33. Ne3 Kh8 34. h3 Bb7 35. Kf2 Rc8 36. Qd2 h6 37. d5 Qd6 38. Rxc8+ Bxc8 39. g3 Bb7 40. Bc4 b5 41. Bxb5 Nxd5 42. Nxd5 Bxd5 43. Qd4 Qe6 44. Ke3 Bb7 45. Bc4 Qe7 46. Qe5 Qd8 47. Qd4 Qc7 48. b4 axb4 49. axb4 Kh7 50. g4 fxg4 51. hxg4 Qc8 52. f5 Qb8 53. Bd5 Qg3+ 54. Kxe4 Qg2+ 55. Ke5 Qg3+ 56. Ke6 Bc8+ 57. Ke7 Qc7+ 58. Kf8 Qd8+ 59. Kf7 Qd7+ 60. Kf8 Qd6+ 61. Kf7 Qd7+ 62. Kf8 Qd8+ 63. Kf7 Qd7+ 1/2-1/2


[Site "https://www.chess.com"]

[Event "Titled Tuesday Blitz July 25 Early 2023"]
[White "Lobanov, Sergei"]
[Black "Ahmad, Khagan"]
[WhiteFideId "24183750"]
[BlackFideId "13431552"]
[WhiteElo "2780"]
[BlackElo "2596"]
[Result "1-0"]
[Round "5"]
[TimeControl "180+2"]
[Date "2023.07.25"]
[WhiteClock "0:02:43"]
[BlackClock "0:00:29"]
[Board "51"]

1. d4 Nf6 2. c4 e6 3. Nc3 Bb4 4. e3 O-O 5. Bd3 c5 6. Ne2 d5 7. a3 Bxc3+ 8. bxc3 Qc7 9. cxd5 exd5 10. O-O Nc6 11. f3 Re8 12. Ng3 b6 13. Ra2 a5 14. Raf2 Ba6 15. Bxa6 Rxa6 16. e4 cxd4 17. cxd4 dxe4 18. fxe4 Ra7 19. Rxf6 gxf6 20. Nh5 Kh8 21. Nxf6 Rd8 22. Qh5 1-0


[Site "https://www.chess.com"]

[Event "Titled Tuesday Blitz July 25 Early 2023"]
[White "Tristan, Leonardo"]
[Black "Yaran, Siar"]
[WhiteFideId "113816"]
[BlackFideId "6323006"]
[WhiteElo "2774"]
[BlackElo "2587"]
[Result "0-1"]
[Round "5"]
[TimeControl "180+2"]
[Date "2023.07.25"]
[WhiteClock "0:00:04"]
[BlackClock "0:00:07"]
[Board "52"]

1. d4 Nf6 2. Nf3 e6 3. Bf4 d5 4. e3 Bd6 5. Nbd2 O-O 6. c3 c5 7. Bd3 b6 8. Qe2 Bb7 9. O-O Nc6 10. Bxd6 Qxd6 11. e4 dxe4 12. Nxe4 Nxe4 13. Qxe4 g6 14. dxc5 Qxc5 15. Qh4 Kg7 16. Rfe1 Rad8 17. Be4 Rd6 18. Qf4 Rfd8 19. Ng5 f5 20. Bxc6 Qxc6 21. Qe5+ Kg8 22. f3 Re8 23. Rad1 Rd5 24. Qf6 Qd7 25. Rxd5 Bxd5 26. b3 b5 27. Rd1 Qg7 28. Qxg7+ Kxg7 29. Rd4 Rc8 30. Rd3 h6 31. Nh3 g5 32. Nf2 Kf6 33. Nd1 Rc7 34. Ne3 Bb7 35. Nc2 a6 36. Kf2 e5 37. Ke1 Ke6 38. Kd2 Rd7 39. Nb4 e4 40. Rxd7 Kxd7 41. Ke3 exf3 42. gxf3 f4+ 43. Kf2 Kd6 44. Nc2 Ke5 45. Nd4 h5 46. h3 b4 47. Ne2 bxc3 48. Nxc3 Kd4 49. Na4 Bc6 50. Nb6 Kc3 51. Nc4 Bd7 52. Ne5 Bxh3 53. Nc6 g4 54. fxg4 hxg4 55. Nb8 a5 56. Nc6 Kd3 57. Nxa5 Ke4 58. Nc4 g3+ 59. Kg1 f3 60. Nd2+ Kf4 61. Nxf3 Kxf3 62. a4 Bd7 63. a5 Bb5 64. b4 Ba6 65. Kh1 Kf2 66. b5 Bb7# 0-1


[Site "https://www.chess.com"]

[Event "Titled Tuesday Blitz July 25 Early 2023"]
[White "Roebers, Eline"]
[Black "Priasmoro, Novendra"]
[WhiteFideId "1058401"]
[BlackFideId "7105029"]
[WhiteElo "2581"]
[BlackElo "2772"]
[Result "0-1"]
[Round "5"]
[TimeControl "180+2"]
[Date "2023.07.25"]
[WhiteClock "0:00:55"]
[BlackClock "0:01:15"]
[Board "53"]

1. e4 e5 2. Nf3 Nc6 3. Nc3 Nf6 4. a3 Bc5 5. Nxe5 Nxe5 6. d4 Bd6 7. f4 Nc6 8. e5 Be7 9. exf6 Bxf6 10. Be3 d5 11. Qd2 O-O 12. O-O-O Re8 13. Be2 Ne7 14. Bf3 Nf5 15. Bf2 c6 16. g4 Nd6 17. Rde1 Bd7 18. Rxe8+ Bxe8 19. h4 Nc4 20. Qd3 Qa5 21. g5 Be7 22. Re1 Bd6 23. Bg3 Bxa3 0-1


[Site "https://www.chess.com"]

[Event "Titled Tuesday Blitz July 25 Early 2023"]
[White "Ezat, Mohamed"]
[Black "Bauman_Guy"]
[WhiteFideId "10600906"]
[WhiteElo "2580"]
[BlackElo "2768"]
[Result "1-0"]
[Round "5"]
[TimeControl "180+2"]
[Date "2023.07.25"]
[WhiteClock "0:00:27"]
[BlackClock "0:01:26"]
[Board "54"]

1. d4 Nf6 2. c4 e6 3. Nc3 Bb4 4. e3 O-O 5. a3 Bxc3+ 6. bxc3 c5 7. Bd3 Nc6 8. Ne2 b6 9. O-O Ba6 10. e4 Ne8 11. Ng3 Na5 12. f4 d5 13. cxd5 Bxd3 14. Qxd3 exd5 15. e5 f6 16. Be3 Rc8 17. Nf5 Qd7 18. Rae1 c4 19. Qc2 Nc6 20. Bd2 Nc7 21. Ng3 Rce8 22. a4 f5 23. Bc1 g6 24. Ba3 Rf7 25. Bd6 Na5 26. Bxc7 Qxc7 27. Nh1 Nc6 28. Nf2 Nd8 29. g4 Ne6 30. gxf5 Rxf5 31. Ng4 Ref8 32. Nh6+ Kg7 33. Nxf5+ Rxf5 34. Qg2 Qd7 35. Qg3 Qxa4 36. Ra1 Qd7 37. Ra6 Rf7 38. f5 Qb5 39. Raa1 Nf8 40. e6 Rf6 41. Rxa7+ Kg8 42. Qc7 1-0


[Site "https://www.chess.com"]

[Event "Titled Tuesday Blitz July 25 Early 2023"]
[White "Zavgorodniy, Sergiy"]
[Black "chessking0310"]
[WhiteFideId "14110148"]
[WhiteElo "2563"]
[BlackElo "2767"]
[Result "1-0"]
[Round "5"]
[TimeControl "180+2"]
[Date "2023.07.25"]
[WhiteClock "0:00:08"]
[BlackClock "0:00:10"]
[Board "55"]

1. e4 c5 2. Nf3 d6 3. c3 Nf6 4. Bc4 e6 5. Qe2 a6 6. d4 cxd4 7. cxd4 d5 8. exd5 Nxd5 9. O-O Nb6 10. Bd3 Be7 11. Nc3 N8d7 12. Qe4 Nf6 13. Qh4 h6 14. Qg3 g5 15. Re1 Nbd5 16. Nxd5 Qxd5 17. Re5 Qd8 18. Be3 Nd5 19. Bd2 Bd7 20. Be4 Bc6 21. h4 gxh4 22. Qg7 Kd7 23. Bxd5 Bxd5 24. Qxf7 Qg8 25. Rxd5+ exd5 26. Ne5+ Kd6 27. Bb4+ Kc7 28. Qxe7+ Kb8 29. Nc6+ Kc8 30. Bd6 Rh7 31. Rc1 Rxe7 32. Nxe7+ Kd7 33. Nxg8 Rxg8 34. Be5 Rg4 35. Kh2 Re4 36. Rc2 b5 37. f3 Re1 38. Kh3 Rh1+ 39. Kg4 b4 40. Kh5 h3 41. gxh3 Rxh3+ 42. Kg4 Rh1 43. Rh2 Rb1 44. f4 a5 45. b3 Rg1+ 46. Kf5 Rg8 47. Kf6 Rf8+ 48. Kg7 Rc8 49. f5 1-0


[Site "https://www.chess.com"]